Map: Traitor's Exile

Players

PanTostado

  • Race: Terran Terran
  • Spawn Location: 9:00

MRJS

  • Race: Protoss Protoss
  • Spawn Location: 12:00

Seph - Winner!

  • Race: Zerg Zerg
  • League: Bronze
  • Spawn Location: 5:00

gujoe - Winner!

  • Race: Protoss Protoss
  • League: Bronze
  • Spawn Location: 6:00

VOD

Have the link to the VOD?

Description

Time

  • Played on: Feb. 15, 2019, 8:09 p.m.
  • Length: 12:23
Show
View Real Time Build Order
Export as new Build Order

PanTostado Terran 

Build Orders:  

Get SALT Encoding   

  12  0:21  Supply Depot  
  12  0:50  Barracks  
  12  1:50  Refinery  
  12  1:54  SCV  
  12  1:55  Refinery  
  13  2:04  Marine  
  13  2:06  SCV  
  15  2:18  SCV  
  15  2:22  Marine  
  17  2:30  SCV  
  17  2:33  Bunker  
  18  2:40  Marine  
  19  2:58  Marine  
  20  3:16  Marine  
  21  3:25  Factory  
  21  3:50  Marine  
  22  3:56  SCV  
  23  4:12  Factory, Factory Tech Lab  
  23  4:23  Supply Depot  
  23  4:45  SCV, Hellion  
  26  4:46  Supply Depot  
  26  4:55  Factory Tech Lab  
  26  4:57  SCV  
  27  5:04  Armory  
  27  5:06  Hellion  
  29  5:09  SCV  
  30  5:15  Supply Depot  
  31  5:21  SCV  
  31  5:28  Hellion  
  33  5:49  Hellion  
  35  5:54  Hellion  
  37  6:10  Hellion  
  39  6:16  Hellion  
  41  6:19  Hellion x5  
  41  6:32  Hellion  
  43  6:37  Hellion  
  45  6:53  Hellion  
  47  7:01  Hellion  
  37  7:14  Supply Depot  
  37  7:15  Hellion  
  39  7:22  Hellion  
  41  7:36  Siege Tank  
  44  7:37  Supply Depot  
  44  8:02  Siege Tank  
  47  8:08  Siege Tank  
  50  8:26  Supply Depot  
  50  8:34  Siege Tank  
  50  8:40  Siege Tank  
  46  9:06  Siege Tank  
Show
View Real Time Build Order
Export as new Build Order

MRJS Protoss 

Build Orders:  

Get SALT Encoding   

  1  0:00  Probe  
  12  0:06  Probe  
  14  0:19  Pylon  
  14  0:28  Assimilator  
  14  0:40  Gateway  
  15  0:42  Probe  
  15  0:55  Probe  
  16  1:06  Forge  
  16  1:49  Pylon  
  16  1:52  Cybernetics Core  
  16  1:59  Assimilator  
  16  2:08  Probe  
  16  2:13  Protoss Shields Level 1  
  17  2:20  Probe  
  17  2:23  Zealot  
  17  2:27  Gateway  
  17  2:32  Probe  
  18  2:48  Zealot  
  20  3:00  Pylon  
  19  3:31  Photon Cannon  
  19  3:38  Photon Cannon  
  19  3:57  Stargate  
  19  4:23  Probe  
  20  4:31  Probe  
  20  4:36  Shield Battery  
  21  4:41  Probe  
  22  5:01  Fleet Beacon  
  22  5:39  Stargate  
  22  5:40  Protoss Air Weapons Level 1  
  22  6:03  Carrier  
  28  6:39  Pylon  
  28  6:57  Carrier  
  34  7:02  Photon Cannon  
  30  7:33  Twilight Council  
  30  7:57  Carrier  
Show
View Real Time Build Order
Export as new Build Order

Seph Zerg - Winner!

Build Orders: Pool First 

Get SALT Encoding   

  12  0:21  Spawning Pool  
  11  0:23  Drone  
  12  0:32  Overlord  
  12  0:39  Drone  
  12  0:42  Drone  
  14  0:54  Drone  
  15  0:59  Extractor  
  14  1:22  Hatchery  
  13  1:35  Zergling x6  
  16  1:42  Queen  
  18  1:47  Drone  
  19  2:04  Drone  
  20  2:12  Roach Warren  
  19  2:18  Evolution Chamber, Drone x2  
  20  2:29  Queen  
  21  3:20  Drone x2  
  21  3:21  Drone x3  
  26  3:30  Drone x2  
  26  3:32  Overlord  
  26  3:33  Overlord  
  26  3:34  Overlord  
  28  3:42  Extractor, Zerg Missile Weapons Level 1  
  27  3:55  Drone  
  27  3:56  Drone  
  27  4:02  Extractor, Drone x3  
  30  4:18  Lair  
  30  4:23  Roach x2  
  30  4:24  Roach x2  
  37  4:30  Roach  
  39  4:36  Zergling x2  
  39  4:37  Zergling x6  
  43  4:47  Zergling x6  
  46  4:54  Drone  
  46  4:58  Roach x2  
  51  5:04  Burrow  
  51  5:10  Drone  
  52  5:14  Overlord  
  52  5:16  Overlord  
  45  6:00  Roach  
  45  6:01  Roach x7  
  45  6:02  Roach x2  
  65  6:08  Overlord x2  
  65  6:14  Zergling x6  
  68  6:19  Glial Reconstitution  
  68  6:28  Zerg Missile Weapons Level 2  
  68  6:35  Roach  
  70  6:41  Roach x17  
  67  7:16  Roach x4  
  67  7:17  Roach x4  
  83  7:54  Overlord x6  
  83  8:02  Tunneling Claws  
  83  8:08  Roach x26  
  83  8:12  Roach x3  
  89  8:18  Roach  
  89  8:19  Roach  
  93  8:30  Roach x26  
  93  8:43  Overseer  
  93  8:45  Zerg Ground Armor Level 1  
  93  8:49  Roach x31  
  93  8:59  Roach x17  
  93  9:00  Roach x14  
  93  9:22  Roach x26  
  93  9:29  Roach x26  
  83  10:16  Ravager  
  83  10:17  Ravager x6  
  83  10:20  Roach x19  
  90  10:39  Ravager  
  90  10:40  Ravager  
Show
View Real Time Build Order
Export as new Build Order

gujoe Protoss - Winner!

Build Orders:  

Get SALT Encoding   

  12  0:01  Probe  
  13  0:20  Probe  
  14  1:03  Pylon  
  14  1:08  Nexus  
  14  1:12  Pylon, Assimilator  
  14  1:18  Assimilator  
  14  1:27  Gateway  
  14  1:28  Probe  
  15  1:36  Probe  
  15  1:45  Probe  
  17  1:56  Probe  
  18  2:08  Probe  
  19  2:20  Probe  
  19  2:22  Cybernetics Core  
  20  2:24  Probe  
  21  2:32  Probe x2  
  23  2:44  Probe  
  24  2:56  Probe, Pylon  
  25  3:02  Assimilator x2  
  25  3:08  Pylon, Probe x2  
  27  3:36  Stargate  
  27  3:38  Stargate  
  27  3:41  Stargate  
  27  3:45  Stargate  
  27  3:53  Probe  
  28  4:01  Probe  
  28  4:07  Probe  
  28  4:09  Probe  
  31  4:19  Probe  
  31  4:20  Probe  
  33  4:31  Probe  
  33  4:32  Probe  
  35  4:39  Void Ray x2  
  43  4:50  Void Ray  
  47  5:02  Void Ray  
  51  5:37  Nexus  
  51  5:41  Void Ray  
  55  5:47  Void Ray  
  59  5:55  Protoss Air Weapons Level 1  
  59  6:40  Pylon  
  59  6:43  Pylon  
  59  6:45  Pylon  
  59  6:48  Pylon  
  59  6:49  Void Ray x3  
  71  7:00  Void Ray  
  75  7:30  Probe  
  75  7:31  Void Ray x2  
  84  7:38  Probe  
  85  7:48  Probe  
  85  7:50  Void Ray  
  90  7:55  Void Ray  
  94  8:00  Probe  
  95  8:12  Probe  
  96  8:18  Void Ray  
  100  8:22  Void Ray  
  100  8:24  Probe  
  105  8:36  Probe  
  106  8:49  Probe  
  87  10:01  Void Ray  
  87  10:02  Void Ray x3  
  103  10:44  Void Ray  
  107  10:56  Void Ray  
Tags
 
Add a new tag
Caveats
  • Supply blocks, unpowered buildings, or Contaminate may cause inaccurate times.
  • Supply counts are checked every 10 seconds.